 Dungeon Crawl Stone Soup version 0.27.1-33-g824d729ab1 (webtiles) character file.

Game seed: 9874135561455456680

57693 boopmooplesden the Peltast (level 14, -5/127 HPs)
             Began as a Minotaur Fighter on Dec 11, 2021.
             Was the Champion of Okawaru.
             Slain by an orc warrior (20 damage)
             ... led by an orc knight
             ... on level 12 of the Dungeon.
             The game lasted 00:28:24 (20323 turns).

boopmooplesden the Peltast (Minotaur Fighter)      Turns: 20323, Time: 00:28:26

Health: -5/127     AC: 31    Str: 28    XL:     14   Next: 46%
Magic:  14/14      EV: 10    Int:  5    God:    Okawaru [******]
Gold:   1752       SH: 19    Dex: 26    Spells: 13/13 levels left

rFire    . . .     SeeInvis .   a - +5 flail (venom)
rCold    . . .     Faith    .   c - +3 kite shield
rNeg     + . .     Spirit   .   k - +3 plate armour
rPois    .         Reflect  .   J - +2 hat {Will+}
rElec    .         Harm     +   O - +2 cloak {rCorr}
rCorr    +         Rampage  .   x - +1 pair of gloves {Dex+3}
Will     ++...                  q - +2 pair of boots of the Iron Devil {Drain rN+ Dex+9 Slay+3}
Stlth    ..........             s - amulet of Xom's Full Attention {RegenMP Harm}
HPRegen  0.31/turn              l - +6 ring of strength
MPRegen  0.39/turn              y - +4 ring of slaying

@: about to teleport
A: horns 2, retaliatory headbutt
a: Renounce Religion, Heroism, Finesse


You were on level 12 of the Dungeon.
You worshipped Okawaru.
Okawaru was exalted by your worship.
You visited 2 branches of the dungeon, and saw 18 of its levels.
You also visited: Gauntlet.

You collected 1752 gold pieces.

Inventory:

Hand Weapons
 a - a +5 flail of venom (weapon)
 v - the +8 double sword of the Big Fish {venom, Str+2}
   (Okawaru gifted it to you on level 6 of the Lair of Beasts)

   It poisons the flesh of those it strikes.
   Str:       It affects your strength (+2).
 E - a +0 demon trident of freezing
 W - the +7 battleaxe of the Bruised Seers {flame, Str+2}
   (Okawaru gifted it to you on level 2 of the Lair of Beasts)

   It burns those it strikes, dealing additional fire damage.
   Big, fiery blades are also staple armaments of hydra-hunters.
   Str:       It affects your strength (+2).
Missiles
 i - 21 javelins (quivered)
 V - 2 atropa-tipped darts
Armour
 c - a +3 kite shield (worn)
 k - a +3 plate armour (worn)
 q - the +2 pair of boots of the Iron Devil (worn) {Drain rN+ Dex+9 Slay+3}
   (You found it in a Gauntlet)

   Dex:       It affects your dexterity (+9).
   Slay:      It affects your accuracy & damage with ranged weapons and melee
   (+3).
   rN:        It protects you from negative energy.
   Drain:     It drains your maximum health when unequipped.
 x - a +1 pair of gloves of dexterity (worn)
 J - a +2 hat of willpower (worn)
 L - a +2 pair of boots
 O - a +2 cloak of preservation (worn)
Jewellery
 j - a ring of willpower
 l - a +6 ring of strength (left hand)
 r - a ring of protection from fire
 s - the amulet of Xom's Full Attention (around neck) {RegenMP Harm}
   (You found it on level 6 of the Lair of Beasts)

   [amulet of magic regeneration]

   It increases your rate of magic regeneration.
   Harm:      It increases damage dealt and taken.
 u - a ring of flight
 y - a +4 ring of slaying (right hand)
 A - a ring of see invisible
 F - a ring of ice
 I - a ring of willpower
 X - a +4 ring of evasion
Wands
 G - a wand of polymorph (6)
 K - a wand of paralysis (14)
 M - a wand of acid (25)
 N - a wand of iceblast (34)
 S - a wand of digging (1)
 U - a wand of flame (23)
Scrolls
 e - 10 scrolls of identify
 f - 3 scrolls of fear
 o - 2 scrolls of fog
 t - 9 scrolls of teleportation
 B - a scroll of amnesia
 C - 4 scrolls of blinking
 P - 2 scrolls of silence
 Y - 2 scrolls of magic mapping
 Z - 2 scrolls of holy word
Potions
 b - 2 potions of brilliance
 d - 2 potions of might
 g - 7 potions of flight
 h - 2 potions of haste
 m - 8 potions of curing
 n - 2 potions of heal wounds
 p - 2 potions of resistance
 w - a potion of ambrosia
 z - a potion of invisibility
 D - 2 potions of berserk rage
 H - a potion of cancellation
 R - a potion of magic
 T - a potion of mutation
Miscellaneous
 Q - a piece from Xom's chessboard (15/15)


   Skills:
 + Level 12.7 Fighting
 + Level 16.1 Maces & Flails
 + Level 1.4 Throwing
 + Level 13.9 Armour
 + Level 3.4 Dodging
 + Level 2.4 Stealth
 + Level 16.2 Shields
 + Level 2.1 Invocations


You had 13 spell levels left.
You didn't know any spells.
Your spell library contained the following spells:

 Spells                   Type           Power      Damage    Failure   Level
 Freeze                   Ice            0%         1d3       98%         1
 Ensorcelled Hibernation  Hex/Ice        0%         N/A       99%         2
 Passwall                 Tmut/Erth      0%         N/A       99%         2
 Frozen Ramparts          Ice            0%         1d2       100%        3
 Gell's Gravitas          Tloc           0%         N/A       100%        3
 Ignite Poison            Fire/Tmut/Pois 0%         N/A       100%        3
 Mephitic Cloud           Conj/Pois/Air  0%         N/A       100%        3
 Spider Form              Tmut/Pois      0%         N/A       100%        3
 Stone Arrow              Conj/Erth      0%         3d7       100%        3
 Swiftness                Air            0%         N/A       100%        3
 Teleport Other           Tloc           0%         N/A       100%        3
 Hailstorm                Conj/Ice       0%         3d3       100%        4
 Leda's Liquefaction      Hex/Erth       0%         N/A       100%        4
 Bolt of Magma            Conj/Fire/Erth 0%         4d4       100%        5
 Fireball                 Conj/Fire      0%         3d3       100%        5
 Dispersal                Tloc           0%         N/A       100%        6
 Invisibility             Hex            0%         N/A       100%        6
 Shadow Creatures         Summ           N/A        N/A       100%        6
 Starburst                Conj/Fire      0%         6d3       100%        6
 Statue Form              Tmut/Erth      0%         N/A       100%        6
 Ignition                 Fire           0%         3d3       100%        8
 Shatter                  Erth           0%         3d5*      100%        9


Dungeon Overview and Level Annotations

Branches:
Dungeon (12/15)            Temple (0/1) D:4            Lair (6/6) D:8
  Swamp (0/4) Lair:2        Snake (0/4) Lair:4        Slime (0/5) Lair:6
    Orc (0/2) D:11        Gauntlet (visited)

Altars:
Cheibriados
Fedhas
Hepliaklqana
Kikubaaqudgha
Makhleb
Nemelex Xobeh
Okawaru
Ru
Sif Muna
Trog
Wu Jian
Xom
Yredelemnul
The Shining One

Shops:
D:5 =

Portals:
Hell: Lair:6

Annotations:
D:9 2 transporters


Innate Abilities, Weirdness & Mutations

You have a pair of horns on your head.
You reflexively headbutt those who attack you in melee.


Message History

The orc knight hits you with a +0 war axe!
* * * LOW HITPOINT WARNING * * *
You block the orc warrior's attack. You block something's attack.
The orc warrior barely misses you. You furiously retaliate!
You headbutt the orc warrior.
The fire elemental completely misses you.
You furiously retaliate!
You headbutt the fire elemental.
The deep elf pyromancer points at you and mumbles some strange words.
The sticky flame hits you.
You are covered in liquid flames!
* * * LOW HITPOINT WARNING * * *
You barely miss the deep elf pyromancer.
You headbutt the deep elf pyromancer.
You kill the deep elf pyromancer!
Okawaru accepts your kill.
The fire elemental disappears in a puff of smoke! x2
You are covered in liquid flames!
* * * LOW HITPOINT WARNING * * *
The orc warrior no longer looks unusually strong.
Your life force feels restored.
You feel much better.
You are covered in liquid flames!
* * * LOW HITPOINT WARNING * * *
You are no longer on fire.
The orc knight hits you with a +0 war axe!
* * * LOW HITPOINT WARNING * * *
You block the orc warrior's attack. Something hits you.
* * * LOW HITPOINT WARNING * * *
You block the orc warrior's attack.
As you read the scroll of teleportation, it crumbles to dust.
You feel strangely unstable. You block the orc knight's attack.
You block the orc warrior's attack. Something closely misses you.
You block the orc warrior's attack.
You feel like a meek peon again.
You kill the orc warrior!
Okawaru accepts your kill.
The orc knight roars a battlecry!
The orc warrior goes into a battle-frenzy!
The orc warrior hits you from afar with a +0 glaive!
You die...

....$......###.........
.............#..........
........................
........................
........................
........................
........oo..............
.........)..............
.......@.).........#...
..................###.
..........(......##
..).............##
.................#
..................
#......?..........
##.............


You could see an orc knight and an orc warrior (strong).

Vanquished Creatures
  Gastronok (D:8)
  The ghost of Juirae the Grappler, a journeyman TrMo of Wu Jian (Lair:4)
  A minotaur (Gauntlet)
  A dire elephant (Lair:6)
  2 boulder beetles
  6 hydras
  A great orb of eyes (Gauntlet)
  2 catoblepae
  Erica (D:11)
  A death yak (Lair:6)
  A dancing weapon (Lair:4)
  Sonja (Lair:3)
  Nergalle (Lair:3)
  2 sixfirhies
  3 bog bodies (Lair:2)
  A wizard (Lair:6)
  2 deep elf pyromancers (D:12)
  3 ugly things
  5 elephants
  A manticore (D:12)
  An orange demon (Lair:6)
  Joseph (Lair:1)
  A gargoyle (D:11)
  10 black mambas
  The ghost of thromnambular the Insei, a novice GnTm of Wu Jian (D:5)
  12 cane toads
  An efreet (D:12)
  2 unseen horrors
  Psyche (D:8)
  2 minotaur zombies (Gauntlet)
  7 rime drakes
  3 ice devils (Lair:6)
  11 komodo dragons
  A hellwing (Lair:6)
  A red devil (Lair:6)
  2 polar bears
  3 trolls
  A blink frog (Lair:6)
  3 flying skulls (Gauntlet)
  16 dream sheep
  5 spriggans (Lair:2)
  4 wyverns
  35 yaks
  3 wraiths
  9 basilisks
  3 vampire mosquitoes (D:12)
  Menkaure (D:5)
  3 steam dragons
  A naga (Lair:4)
  2 acid dragons (D:11)
  14 water moccasins
  4 hell hounds (Lair:6)
  7 orc warriors
  An ice beast (D:6)
  3 black bears
  A necrophage (D:5)
  3 ogres
  10 wolves
  3 centaurs
  A phantom (D:5)
  12 bullfrogs
  2 kobold brigands
  A scorpion (D:5)
  A gnoll sergeant (D:7)
  2 water moccasin zombies (D:5)
  A water moccasin skeleton (D:5)
  4 wights (D:4)
  7 howler monkeys
  2 electric eels
  2 jellies
  A bullfrog zombie (D:6)
  3 hounds
  5 orc priests
  3 iguanas
  2 orc wizards (D:5)
  A killer bee zombie (D:5)
  A hound skeleton (D:4)
  3 howler monkey zombies
  3 adders
  3 gnolls (D:7)
  A shadow imp (D:8)
  3 ufetubi
  2 dart slugs
  24 orcs
  2 ball pythons
  4 bats
  5 endoplasms
  3 giant cockroaches
  4 goblins
  6 hobgoblins
  A quokka (D:3)
  2 frilled lizards (D:1)
  16 kobolds
  4 rats
  A spectral hobgoblin (D:7)
367 creatures vanquished.

Vanquished Creatures (others)
  A bullfrog (D:5)
  24 fungi
  22 plants
47 creatures vanquished.

Grand Total: 414 creatures vanquished

Notes
Turn   | Place    | Note
-------+----------+-------------------------------------------
     0 | D:1      | boopmooplesden the Minotaur Fighter began the quest for the
                  | Orb.
     0 | D:1      | Reached XP level 1. HP: 19/19 MP: 0/0
   217 | D:1      | Reached XP level 2. HP: 25/27 MP: 1/1
   710 | D:1      | Found a faded altar of an unknown god.
  1636 | D:2      | Reached XP level 3. HP: 32/33 MP: 2/2
  1921 | D:3      | Found a burning altar of Makhleb.
  2118 | D:3      | Found a sparkling altar of Nemelex Xobeh.
  2246 | D:3      | Found an iron altar of Okawaru.
  2254 | D:3      | Became a worshipper of Warmaster Okawaru
  2632 | D:4      | Found a staircase to the Ecumenical Temple.
  2722 | D:4      | Reached XP level 4. HP: 38/40 MP: 3/3
  2771 | D:4      | Found an ancient bone altar of Kikubaaqudgha.
  2999 | D:4      | Reached XP level 5. HP: 46/46 MP: 4/4
  3030 | D:4      | HP: 1/42 [wight (4)]
  3045 | D:5      | Entered Level 5 of the Dungeon
  3432 | D:5      | Noticed Menkaure
  3683 | D:5      | Noticed a centaur
  3692 | D:5      | Killed a centaur
  3693 | D:5      | Reached skill level 5 in Armour
  3693 | D:5      | Reached XP level 6. HP: 40/55 MP: 5/5
  3775 | D:5      | Found a transporter.
  3778 | D:5      | Noticed thromnambular's ghost (novice GnTm)
  3806 | D:5      | Reached skill level 5 in Shields
  3926 | D:5      | Reached skill level 5 in Fighting
  3926 | D:5      | Reached skill level 5 in Maces & Flails
  3957 | D:5      | Found a large runed translucent door.
  3957 | D:5      | Found a large runed translucent door.
  3960 | D:5      | Noticed a troll
  3960 | D:5      | Noticed a wraith
  3984 | D:5      | Reached * piety under Okawaru
  3999 | D:5      | Reached XP level 7. HP: 55/61 MP: 6/6
  4048 | D:5      | Found a transporter.
  4444 | D:5      | Killed Menkaure
  4445 | D:5      | Reached skill level 1 in Dodging
  4462 | D:5      | Found Leyff's Jewellery Emporium.
  4472 | D:5      | Reached ** piety under Okawaru
  4480 | D:5      | Reached XP level 8. HP: 67/70 MP: 7/7
  4736 | D:5      | Found a large runed translucent door.
  4736 | D:5      | Found a large runed translucent door.
  5123 | D:5      | Killed a troll
  5128 | D:5      | Reached skill level 1 in Throwing
  5240 | D:5      | Killed thromnambular's ghost
  5240 | D:5      | Reached *** piety under Okawaru
  5241 | D:5      | Reached XP level 9. HP: 45/78 MP: 8/8
  5540 | D:4      | Found a sacrificial altar of Ru.
  5587 | D:6      | Found a snail-covered altar of Cheibriados.
  6457 | D:7      | Reached skill level 10 in Maces & Flails
  6510 | D:7      | Found a shimmering blue altar of Sif Muna.
  6617 | D:7      | Found a hazy altar of Hepliaklqana.
  6879 | D:7      | Found a glowing golden altar of the Shining One.
  6881 | D:7      | Found an ornate altar of the Wu Jian Council.
  6953 | D:7      | Found a bloodstained altar of Trog.
  6976 | D:7      | Reached **** piety under Okawaru
  7448 | D:8      | Reached skill level 1 in Stealth
  7648 | D:8      | Found a staircase to the Lair.
  7659 | D:8      | Noticed Gastronok
  7662 | D:8      | Noticed Psyche
  7671 | D:8      | Killed Psyche
  7691 | D:8      | Killed Gastronok
  7691 | D:8      | Received a gift from Okawaru
  7691 | D:8      | Reached ***** piety under Okawaru
  7691 | D:8      | Received a gift from Okawaru
  7692 | D:8      | Reached XP level 10. HP: 39/88 MP: 7/9
  8647 | D:9      | Reached ****** piety under Okawaru
  8717 | D:9      | Noticed a green ugly thing
  8741 | D:9      | Killed a green ugly thing
  8741 | D:9      | Received a gift from Okawaru
  8824 | D:9      | Found a transporter.
  8952 | D:9      | Found a transporter.
  9298 | D:9      | Found a blossoming altar of Fedhas.
  9437 | D:10     | Entered Level 10 of the Dungeon
  9460 | D:10     | Reached skill level 10 in Armour
  9478 | D:10     | Reached skill level 10 in Shields
  9828 | D:10     | Reached XP level 11. HP: 86/94 MP: 10/10
 10084 | D:10     | Found a basalt altar of Yredelemnul.
 10304 | D:11     | Noticed Erica
 10312 | D:11     | Killed Erica
 10543 | D:11     | Found a staircase to the Orcish Mines.
 10543 | D:11     | Noticed a seven-headed hydra
 10558 | D:11     | Killed a seven-headed hydra
 10755 | D:11     | Received a gift from Okawaru
 11710 | Lair:1   | Entered Level 1 of the Lair of Beasts
 11723 | Lair:1   | Noticed Joseph
 11734 | Lair:1   | Killed Joseph
 12024 | Lair:1   | Noticed a six-headed hydra
 12033 | Lair:1   | Killed a six-headed hydra
 12591 | Lair:2   | Noticed a seven-headed hydra
 12604 | Lair:2   | Killed a seven-headed hydra
 12604 | Lair:2   | Received a gift from Okawaru
 12605 | Lair:2   | Reached XP level 12. HP: 62/105 MP: 8/11
 12923 | Lair:2   | Identified the +7 battleaxe of the Bruised Seers {flame,
                  | Str+2} (Okawaru gifted it to you on level 2 of the Lair of
                  | Beasts)
 12923 | Lair:2   | Received a gift from Okawaru
 13174 | Lair:2   | Noticed a catoblepas
 13203 | Lair:2   | Killed a catoblepas
 13895 | Lair:2   | Found a staircase to the Swamp.
 13963 | Lair:2   | Reached skill level 10 in Fighting
 14344 | Lair:3   | Noticed Nergalle
 14347 | Lair:3   | Noticed a six-headed hydra
 14366 | Lair:3   | Killed a six-headed hydra
 14367 | Lair:3   | Reached skill level 1 in Invocations
 14408 | Lair:3   | Noticed Sonja
 14419 | Lair:3   | Killed Sonja
 14421 | Lair:3   | Noticed an eight-headed hydra
 14428 | Lair:3   | Killed an eight-headed hydra
 14804 | Lair:3   | Found a gate leading to a gauntlet.
 14821 | Gauntlet | Entered a Gauntlet
 14821 | Gauntlet | Noticed a catoblepas
 14821 | Gauntlet | Found a transporter.
 14821 | Gauntlet | Found a transporter.
 14841 | Gauntlet | Found a transporter.
 14842 | Gauntlet | Found a transporter.
 14851 | Gauntlet | Found a transporter.
 14855 | Gauntlet | Found a transporter.
 14861 | Gauntlet | Noticed a great orb of eyes
 14865 | Gauntlet | Found a transporter.
 14887 | Gauntlet | Found a transporter.
 14908 | Gauntlet | Found a transporter.
 14908 | Gauntlet | Found a transporter.
 14918 | Gauntlet | Found a transporter.
 14922 | Gauntlet | Found a transporter.
 14995 | Gauntlet | Identified the +2 pair of boots of the Iron Devil {Drain
                  | rN+ Dex+9 Slay+3}
 15025 | Gauntlet | Received a gift from Okawaru
 15082 | Gauntlet | Paralysed by a great orb of eyes for 5 turns
 15089 | Gauntlet | Killed a great orb of eyes
 15386 | Gauntlet | Noticed a minotaur
 15407 | Gauntlet | Killed a minotaur
 15408 | Gauntlet | Reached XP level 13. HP: 89/114 MP: 13/13
 16042 | Lair:3   | Killed Nergalle
 16389 | Lair:4   | Received a gift from Okawaru
 16453 | Lair:4   | Reached skill level 15 in Maces & Flails
 16811 | Lair:4   | Found a runed translucent door.
 16812 | Lair:4   | Found a shimmering altar of Xom.
 16812 | Lair:4   | Noticed Juirae's ghost (journeyman TrMo)
 16816 | Lair:4   | Found a staircase to the Snake Pit.
 17176 | Lair:4   | Killed Juirae's ghost
 17506 | Lair:6   | Entered Level 6 of the Lair of Beasts
 17568 | Lair:6   | Reached skill level 15 in Shields
 17647 | Lair:6   | Identified the +8 double sword of the Big Fish {venom,
                  | Str+2} (Okawaru gifted it to you on level 6 of the Lair of
                  | Beasts)
 17647 | Lair:6   | Received a gift from Okawaru
 18292 | Lair:6   | Reached XP level 14. HP: 104/126 MP: 11/14
 18301 | Lair:6   | Identified the +9 longbow of the Stoat {freeze, rF+ rCorr
                  | Int+3} (Okawaru gifted it to you on level 6 of the Lair of
                  | Beasts)
 18301 | Lair:6   | Received a gift from Okawaru
 18533 | Lair:6   | Found a staircase to the Slime Pits.
 18744 | Lair:6   | Found a burning altar of Makhleb.
 18799 | Lair:6   | Found a gateway to Hell.
 18806 | Lair:6   | Identified the amulet of Xom's Full Attention {RegenMP
                  | Harm}
 20323 | D:12     | Slain by an orc warrior

Illustrated notes

Levels and vault maps discovered:
D:1:      lightli_arrival_boilingwater, layout_basic,
          hellmonk_ecumenical_altar_inner_sanctum, minmay_heptomino_d4
D:2:      layout_loops_ring
D:3:      layout_loops_ring, amcnicky_altar_gilded,
          mainiacjoe_overflow_surrounded_room, bloody_makhleb
D:4:      layout_basic, nicolae_ru_path_of_blood, old_standard_altar,
          minmay_temple_entry_waves, hangedman_abyss_or_decor_slice,
          item_on_display_a
D:5:      layout_gridville, gammafunk_ghost_arena, minmay_misc_feat_tiny,
          minmay_shop_enchanted_jewellery, minmay_hollow_rounded_squares,
          uniq_menkaure
D:6:      layout_basic, kennysheep_little_box
D:7:      layout_loops_corners, mainiacjoe_overflow_tiny_flanked,
          nicolae_overflow_hidden_temple,
          nicolae_hepliaklqana_monster_ancestors, mainiacjoe_overflow_boulevard,
          wad_floor_pattern_2
D:8:      layout_basic, lair_entry_dummy, minivault_10, minmay_misc_feat_alley,
          st_stairs_9, uniq_psyche, uniq_gastronok
D:9:      gammafunk_cloud_chamber, layout_small_grid, mainiacjoe_overflow_paths,
          minmay_tree_intersection
D:10:     layout_long_grid, lemuel_doored_altar
D:11:     layout_loops_corners, orc_david_3, uniq_erica
D:12:     layout_big_octagon, grunt_ministairs_10
Lair:1:   layout_cave_pods, st_stairs_3, wad_woods_road_03, uniq_joseph
Lair:2:   kb_forest_paths, layout_chaotic_city,
          nicolae_swamp_entry_splash_gauntlet
Lair:3:   layout_misc_corridors, gauntlet_entry_generic, st_stairs_11,
          uniq_sonja, uniq_nergalle
Lair:4:   layout_big_grid, guppyfry_snake_entry_island, ebering_ghost_xom,
          serial_bayou_shore_a, grunt_megastairs_3
Lair:5:   layout_hall_layers
Lair:6:   evil_forest, layout_gridlike, slime_dummy, grunt_megastairs_5,
          lemuel_fruit_tree

Skill      XL: |  1  2  3  4  5  6  7  8  9 10 11 12 13 14 |
---------------+-------------------------------------------+-----
Maces & Flails | 3 4 5 6 9 11 12 13 14 15 16 | 16.1
Armour         | 4 5 6 7 9 10 11 12 13 | 13.9
Shields        | 4 5 6 7 9 10 12 13 15 16 | 16.2
Fighting       | 4 5 6 7 8 9 10 12 | 12.7
Dodging        | 1 2 3 |  3.4
Throwing       | 1 |  1.4
Stealth        | 1 2 |  2.4
Invocations    | 1 2 |  2.1

Action                   |  1- 3 |  4- 6 |  7- 9 | 10-12 | 13-15 || total
-------------------------+-------+-------+-------+-------+-------++-------
Melee: Flail             |    89 |    50 |   225 |   432 |   405 ||  1201
       Headbutt          |    16 |    11 |    56 |   157 |   162 ||   402
Throw: Javelin           |       |     1 |     3 |       |     1 ||     5
Invok: Heroism           |       |       |     2 |    12 |     8 ||    22
  Use: Scroll            |     4 |     5 |     3 |     6 |    21 ||    39
       Potion            |       |     1 |       |       |     3 ||     4
Armor: Scale mail        |    46 |       |       |       |       ||    46
       Plate armour      |    11 |    40 |   118 |   203 |   140 ||   512
Dodge: Dodged            |    31 |    14 |    47 |    92 |   110 ||   294
Block: Kite shield       |    46 |    35 |   134 |   342 |   348 ||   905
